 Dungeon Crawl Stone Soup version 0.26.0-10-g1f06aea511 (webtiles) character file.

Game seed: 214585302846523413

590 Amaterasu the Cudgeller (level 7, -3/67 HPs)
             Began as a Troll Monk on Jan 30, 2021.
             Killed by divine providence
             ... invoked by an orc priest
              (17 damage)
             ... on level 3 of the Dungeon.
             The game lasted 00:04:40 (3259 turns).

Amaterasu the Cudgeller (Troll Monk)                Turns: 3259, Time: 00:04:41

Health: -3/67      AC:  8    Str: 22    XL:     7   Next: 16%
Magic:  6/6        EV: 11    Int:  6    God:
Gold:   170        SH:  0    Dex: 12    Spells: 6/6 levels left

rFire    . . .     SeeInvis .   a - +0 mace
rCold    . . .     Faith    .   (no shield)
rNeg     . . .     Spirit   .   b - +0 robe
rPois    .         Reflect  .   (helmet restricted)
rElec    .         Harm     .   l - +1 cloak
rCorr    .         Rampage  .   (gloves unavailable)
Will     .....                  (boots unavailable)
Stlth    ++........             (no amulet)
HPRegen  0.61/turn              (no ring)
MPRegen  0.10/turn              (no ring)

@: no status effects
A: large, unfitting armour, claws 3, regeneration 1, shaggy fur 1, tough skin 3
a: no special abilities


You were on level 3 of the Dungeon.
You visited 1 branch of the dungeon, and saw 4 of its levels.

You collected 170 gold pieces.

Inventory:

Hand Weapons
 a - a +0 mace (weapon)
Armour
 b - a +0 robe (worn)
 l - a +1 cloak (worn)
Wands
 r - a wand of iceblast (6)
Scrolls
 d - 2 scrolls of identify
 p - a scroll of remove curse
 s - a scroll of magic mapping
Potions
 c - 2 potions of haste
 f - 2 potions of brilliance
 h - 3 potions of heal wounds
 i - a potion of mutation
 j - a potion of cancellation {unknown}
 k - 4 potions of flight {unknown}
 m - a potion of attraction {unknown}
 n - a potion of berserk rage {unknown}
 q - a potion of curing


   Skills:
 * Level 3.4 Fighting
 - Level 6.0 Maces & Flails
 * Level 1.5 Armour
 * Level 3.6 Dodging
 - Level 1.0 Stealth


You had 6 spell levels left.
You didn't know any spells.
Your spell library was empty.

Dungeon Overview and Level Annotations

Branches:
Dungeon (4/15)
 Temple: D:4-7

Altars:


Innate Abilities, Weirdness & Mutations

You are too large for most types of armour.
You have claws for hands.
Your natural rate of healing is unusually fast.
You are covered in fur. (AC +1)
You have extremely tough skin. (AC +3)


Message History

The orc priest mumbles some strange prayers to Beogh against you.
Pain shoots through your body!
You closely miss the orc priest.
The orc priest hits you but does no damage.
You closely miss the orc priest.
The orc priest invokes the aid of Beogh against you.
Beogh smites you!
* * * LOW HITPOINT WARNING * * *
You barely miss the orc priest.
The orc priest hits you but does no damage.
You hit the orc priest but do no damage.
The orc priest hits you but does no damage.
You hit the orc priest.
The orc priest is lightly wounded.
The orc priest hits you but does no damage.
You closely miss the orc priest.
The orc priest is lightly wounded.
The orc priest invokes the aid of Beogh against you.
Beogh smites you!
You die...

##......'..#
##......##.#
##......##.#
##......##.#
##.>....##.#
##......##.#######
##......##.......#
##......########o#
...............)@#
###...##########)#
..#...# #...#.#
((#...# #.#.#.#
..#...# #.#.#.#
..#...# #.#.#.#
.♣#...######.#.#.#
###...##.....#.#.#
......##.#####.#.#


You could see an orc priest.

Vanquished Creatures
  The ghost of puimuR the Chopper, an amateur HOMo (D:3)
  A scorpion (D:4)
  A howler monkey (D:4)
  2 orc priests (D:4)
  Crazy Yiuf (D:2)
  An orc wizard (D:3)
  Ijyb (D:3)
  A worker ant (D:4)
  4 gnolls
  7 adders
  3 worms
  2 leopard geckos (D:3)
  9 orcs
  7 bats
  6 goblins
  12 hobgoblins
  16 jackals
  6 frilled lizards
  6 kobolds
  5 rats
92 creatures vanquished.

Notes
Turn   | Place    | Note
-------+----------+-------------------------------------------
     0 | D:1      | Amaterasu the Troll Monk began the quest for the Orb.
     0 | D:1      | Reached XP level 1. HP: 22/22 MP: 0/0
    72 | D:1      | Reached skill level 3 in Maces & Flails
   106 | D:1      | Reached XP level 2. HP: 25/29 MP: 1/1
   686 | D:2      | Reached XP level 3. HP: 36/36 MP: 2/2
   741 | D:2      | Reached skill level 4 in Maces & Flails
   878 | D:2      | Found a runed translucent door.
   879 | D:2      | Noticed Crazy Yiuf
  1030 | D:2      | Reached XP level 4. HP: 22/44 MP: 3/3
  1697 | D:2      | Killed Crazy Yiuf
  1698 | D:2      | Reached skill level 5 in Maces & Flails
  1868 | D:3      | Found a runed translucent gate.
  1868 | D:3      | Found a runed translucent gate.
  1868 | D:3      | Found a runed translucent gate.
  1868 | D:3      | Noticed puimuR's ghost (amateur HOMo)
  1946 | D:3      | Reached XP level 5. HP: 37/50 MP: 4/4
  2067 | D:3      | Noticed Ijyb
  2085 | D:3      | Killed Ijyb
  2712 | D:3      | Killed puimuR's ghost
  2713 | D:3      | Reached skill level 6 in Maces & Flails
  2713 | D:3      | Reached XP level 6. HP: 30/59 MP: 5/5
  2857 | D:4      | Reached skill level 1 in Armour
  3011 | D:4      | Reached XP level 7. HP: 51/67 MP: 6/6
  3259 | D:3      | Killed from afar by an orc priest

Illustrated notes

Levels and vault maps discovered:
D:1:      evilmike_arrival_plus, layout_basic
D:2:      layout_basic, minivault_4, uniq_crazy_yiuf_cottage
D:3:      layout_basic, ebering_ghost_rock_garden, uniq_ijyb
D:4:      layout_rooms, ebering_ghost_gozag, serial_shops, shop,
          fedhas_altar_fruit_tree

Skill      XL: |  1  2  3  4  5  6 |
---------------+-------------------+-----
Maces & Flails | 3 4 5 6 |  6.0
Fighting       | 3 |  3.4
Dodging        | 3 |  3.6
Armour         | 1 |  1.5
Stealth        | |  1.0

Action                   |  1- 3 |  4- 6 |  7- 9 || total
-------------------------+-------+-------+-------++-------
Melee: Mace              |   143 |   219 |    49 ||   411
  Use: Scroll            |     4 |     7 |       ||    11
       Potion            |       |     1 |       ||     1
Armor: Robe              |    88 |    98 |    17 ||   203
Dodge: Dodged            |   117 |   133 |    40 ||   290
